cohdb
Replays
Latest Replays
All Replays
Popular Replays
Top Player Replays
Match Explorer
How It Works
Community
CoH3 Stats
Reddit
Sign in to upload your games and track your stats! →
Sign in with Steam
Match 43378934
Unlisted
Match 43378934
Overview
Messages
Build Orders
End
Selects Australian Defense Battlegroup
Selects Australian Light Infantry Section
Australian Light Infantry Section
Construct Section Command Post
Dingo Light Scout Car
Australian Light Infantry Section
Australian Light Infantry Section
Construct Platoon Command Post
Unlock M3 Stuart Light Tanks
M3 Stuart Light Tank
Selects Defensive Tactics
Royal Engineer Section
Unlock Bishop Self-propelled Artillery
CMP 15cwt Truck
Bishop Self-propelled Artillery
Selects Vehicle Over Repair
SpankerFel
Atlas
JOHCOH
kirill.koval.12
Alvarez
kerem
Hatsune Miku
Hanzz
0
0
Comments
sign in to comment!
No comments posted yet!